Map: Dragon Scales LE

Players

winzboy - Winner!

  • Race: Protoss Protoss
  • Spawn Location: 11:00

VOD

Have the link to the VOD?

Description

Time

  • Played on: May 20, 2023, 2:24 a.m.
  • Length: 18:54
Show
View Real Time Build Order
Export as new Build Order

winzboy Protoss - Winner!

Build Orders:  

Get SALT Encoding   

  12  0:07  Probe (Chrono Boost)  
  13  0:24  Probe (Chrono Boost)  
  14  0:39  Probe (Chrono Boost), Pylon  
  15  1:06  Probe (Chrono Boost)  
  15  1:08  Gateway  
  16  1:13  Assimilator  
  16  1:19  Assimilator  
  16  1:23  Probe (Chrono Boost)  
  18  1:40  Probe (Chrono Boost)  
  18  1:57  Probe (Chrono Boost)  
  19  2:22  Cybernetics Core  
  19  2:25  Probe (Chrono Boost)  
  21  2:41  Pylon  
  21  2:42  Probe (Chrono Boost)  
  22  3:01  Probe (Chrono Boost)  
  22  3:17  Stalker  
  22  3:18  Probe (Chrono Boost)  
  25  3:34  Probe (Chrono Boost)  
  26  3:40  Pylon  
  26  3:50  Probe  
  26  3:59  Stalker  
  29  4:07  Probe  
  30  4:15  Warp Gate (Chrono Boost)  
  30  4:16  Nexus  
  30  4:24  Probe  
  30  4:27  Robotics Facility  
  31  4:31  Pylon  
  31  4:40  Probe  
  31  4:43  Stalker (Chrono Boost)  
  32  4:57  Probe  
  35  5:35  Observer  
  36  5:51  Robotics Bay  
  36  6:00  Pylon  
  36  6:09  Probe  
  37  6:13  Stalker  
  39  6:26  Probe  
  39  6:27  Immortal  
  44  6:39  Assimilator  
  44  6:42  Assimilator  
  44  6:43  Probe  
  44  6:45  Pylon  
  44  6:49  Pylon  
  45  6:51  Stalker  
  45  6:54  Pylon  
  47  7:00  Probe  
  48  7:17  Probe  
  49  7:22  Colossus  
  55  7:34  Probe  
  56  7:45  Stalker  
  54  7:51  Probe  
  53  8:06  Extended Thermal Lance  
  51  8:29  Gateway  
  51  8:32  Gateway  
  51  8:34  Gateway  
  51  8:36  Gateway  
  51  8:39  Gateway  
  51  8:48  Stalker  
  53  8:50  Robotics Facility  
  53  8:54  Probe (Chrono Boost)  
  53  8:59  Colossus  
  54  9:07  Probe (Chrono Boost)  
  57  9:20  Probe (Chrono Boost)  
  62  9:36  Probe (Chrono Boost)  
  62  9:39  Stalker  
  65  9:53  Probe (Chrono Boost)  
  66  10:03  Robotics Facility  
  66  10:13  Stalker x2  
  66  10:14  Stalker  
  72  10:33  Nexus  
  72  10:42  Pylon  
  72  10:58  Colossus  
  78  11:00  Forge  
  78  11:18  Stalker x2  
  78  11:19  Stalker  
  84  11:26  Pylon  
  84  11:31  Assimilator  
  84  11:35  Twilight Council, Assimilator  
  84  11:39  Pylon  
  84  12:05  Colossus  
  90  12:19  Probe (Chrono Boost)  
  91  12:36  Probe (Chrono Boost)  
  91  12:37  Colossus x2  
  104  12:42  Zealot  
  104  12:48  Stalker  
  108  12:52  Probe (Chrono Boost)  
  109  13:03  Probe (Chrono Boost)  
  110  13:12  Stalker  
  110  13:13  Stalker  
  110  13:15  Probe (Chrono Boost)  
  115  13:29  Probe (Chrono Boost)  
  116  13:37  Colossus  
  120  13:46  Probe (Chrono Boost)  
  119  13:53  Stalker  
  119  13:54  Stalker x2  
  119  13:55  Stalker  
  127  14:00  Probe (Chrono Boost)  
  128  14:11  Probe (Chrono Boost)  
  128  14:16  Pylon  
  128  14:19  Pylon  
  129  14:23  Probe (Chrono Boost), Pylon  
  130  14:31  Stalker  
  133  14:40  Probe (Chrono Boost)  
  133  14:48  Protoss Ground Weapons Level 1  
  133  15:23  Colossus x2  
  133  15:24  Colossus  
  133  15:28  Stalker x2  
  133  15:29  Stalker  
  157  15:44  Pylon  
  158  16:12  Probe (Chrono Boost)  
  158  16:17  Pylon  
  158  16:21  Pylon  
  158  16:25  Pylon  
  158  16:28  Pylon  
  158  16:29  Probe (Chrono Boost)  
  159  16:46  Probe (Chrono Boost), Stalker  
  159  16:47  Stalker x2  
  159  16:48  Stalker x2  
  159  16:49  Stalker  
  172  17:03  Probe (Chrono Boost)  
  172  17:20  Probe (Chrono Boost)  
  172  17:21  Stalker x2  
  172  17:22  Stalker  
  172  17:23  Stalker x3  
Tags
 
Add a new tag
Caveats
  • Supply blocks, unpowered buildings, or Contaminate may cause inaccurate times.
  • Supply counts are checked every 10 seconds.